 Dungeon Crawl Stone Soup version 0.24-a0-164-g56e1b8f (webtiles) character file.

Game seed: 1945579766376947299

21 emperorscorpion the Cutter (level 2, 0/24 HPs)
             Began as a Vine Stalker Berserker on Mar 6, 2019.
             Was a Follower of Trog.
             Slain by an orc warrior
             ... wielding a +0 trident
              (2 damage)
             ... on level 6 of the Dungeon.
             The game lasted 00:01:08 (383 turns).

emperorscorpion the Cutter (Vine Stalker Berserker)  Turns: 383, Time: 00:01:09

Health: 0/24       AC:  5    Str: 24    XL:     2   Next: 87%
Magic:  0/3        EV: 11    Int:  7    God:    Trog [*.....]
Gold:   34         SH:  0    Dex: 13    Spells: 1/1 levels left

rFire    . . .     SeeInvis .   a - +0 short sword
rCold    . . .     Gourm    .   (no shield)
rNeg     . . .     Faith    .   e - +0 ring mail
rPois    .         Spirit   +   (no helmet)
rElec    .         Reflect  .   (no cloak)
rCorr    .         Harm     .   (no gloves)
MR       .....                  (no boots)
Stlth    ..........             (no amulet)
HPRegen  0.08/turn              (no ring)
MPRegen  0.08/turn              (no ring)

@: berserking, very quick
A: fangs 2, magic shield, antimagic bite, no potion heal 3, rot immunity
a: Berserk, Renounce Religion


You were on level 6 of the Dungeon.
You worshipped Trog.
Trog was aware of your devotion.
You were not hungry.

You visited 1 branch of the dungeon, and saw 6 of its levels.

You collected 34 gold pieces.

Inventory:

Hand Weapons
 a - a +0 short sword (weapon)
Armour
 b - a +0 animal skin
 e - a +0 ring mail (worn)
Scrolls
 d - 2 scrolls of remove curse {unknown}
 g - a scroll of amnesia {unknown}
 h - a scroll of enchant weapon {unknown}
Potions
 i - a potion of might {unknown}
Comestibles
 c - 3 rations
 f - 6 chunks of flesh


   Skills:
 + Level 3.0 Fighting
 + Level 3.1 Short Blades
 + Level 1.7 Armour
 + Level 1.7 Dodging


You had one spell level left.
You didn't know any spells.
Your spell library was empty.

Dungeon Overview and Level Annotations

Branches:
Dungeon (6/15)
 Temple: D:4-7

Altars:

Shops:
D:4 }


Innate Abilities, Weirdness & Mutations

You have extremely sharp teeth.
When hurt, damage is shared between your health and your magic reserves.
Your bite disrupts and absorbs the magic of your enemies.
Potions cannot restore your health.
You are immune to rotting.


Message History

Where to? (Enter - D:3, ? - help)
There is a stone staircase leading down here.
You climb downwards.
An orc, an orc warrior and an orc priest come into view.
The orc priest shouts!
The orc shouts!
There is a stone staircase leading up here.
A red film seems to cover your vision as you go berserk!
You feel yourself moving faster!
You feel mighty!
You feel a lot more hungry.
The orc warrior hits you from afar with a +0 trident!
Ouch! That really hurt!
You puncture the orc priest! You bite the orc priest. You drain its power.
You feel invigorated.
The orc priest is almost dead.
You barely miss the orc priest. Your bite misses the orc priest.
The orc priest is almost dead.
The orc priest calls down the wrath of Beogh upon you.
Pain shoots through your body!
* * * LOW HITPOINT WARNING * * *
The orc warrior hits you from afar with a +0 trident.
You die...

...........#
...........##
............###
...............
...............
...............
...............
#@oo.....
###o..... .....
.... ... .. .


You could see an orc warrior, an orc priest and an orc.

Vanquished Creatures
  An adder (D:2)
  A leopard gecko (D:5)
  A giant cockroach (D:1)
  A goblin (D:2)
  3 hobgoblins
  A bat (D:2)
  2 frilled lizards (D:1)
  A kobold (D:1)
  A rat (D:1)
12 creatures vanquished.

Notes
Turn   | Place    | Note
-------+----------+-------------------------------------------
     0 | D:1      | emperorscorpion the Vine Stalker Berserker began the quest
                  | for the Orb.
     0 | D:1      | Reached XP level 1. HP: 11/11 MP: 2/2
   203 | D:1      | Reached XP level 2. HP: 16/16 MP: 3/3
   330 | D:4      | Found Mekhatzi's Gadget Shop.
   352 | D:5      | Entered Level 5 of the Dungeon
   379 | D:6      | Noticed an orc warrior
   383 | D:6      | Slain by an orc warrior

Levels and vault maps discovered:
D:1:      kennysheep_arrival_seaside, layout_basic
D:2:      layout_loops_cross, overflow_temple_1_default,
          kennysheep_generic_room_11, uniq_terence
D:3:      layout_rooms
D:4:      layout_rooms, serial_shops, shop, kennysheep_mini_moat, shop_statue,
          nicolae_shop_trees, first_ration, minmay_misc_feat_cross,
          kennysheep_donut, chequers_jeans, nicolae_dithmenos_the_darkroom,
          uniq_duvessa
D:5:      layout_basic, grunt_decor_one_mirror, uniq_pikel
D:6:      layout_layer_cave, fedhas_altar_3, serial_shops,
          nicolae_shop_statue_plus, grunt_nemelex_the_gamble

Skill      XL: |  1  2 |
---------------+-------+-----
Fighting       | 3 |  3.0
Short Blades   | 3 |  3.1
Armour         | |  1.7
Dodging        | |  1.7

Action                   || total
-------------------------++-------
Melee: Short sword       ||    44
       Bite              ||     9
Invok: Berserk           ||     2
Armor: Ring mail         ||    15
Dodge: Dodged            ||    29

Table legend:
 A = Non-vault XP
 B = Vault XP
 C = Vault XP percentage of total XP
 D = Non-vault monster count
 E = Vault monster count
 F = Vault count percentage of total count
                 A         B        C        D         E       F
            +---------+---------+-------+---------+---------+-------
      Total |      31 |       0 |   0.0 |      12 |       0 |   0.0
            +---------+---------+-------+---------+---------+-------
        D:1 |      10 |       0 |   0.0 |       7 |       0 |   0.0
        D:2 |      18 |       0 |   0.0 |       4 |       0 |   0.0
        D:5 |       3 |       0 |   0.0 |       1 |       0 |   0.0
            +---------+---------+-------+---------+---------+-------
